[Event "Snabbschacks-KM 2025"]
[Site "Linköping, Sweden"]
[Date "2025.05.20"]
[Round "8.1"]
[White "Nyberg, Peter"]
[Black "Andersson, Mats 1960"]
[Result "0-1"]
[TimeControl "15 min + 5 sek"]
[BlackTitle "FM"]
[WhiteElo "1984"]
[BlackElo "2225"]

1. c4 e6 2. e4 d5 3. cxd5 exd5 4. Qb3 Qe7 5. Nc3 c6 6. Nf3 dxe4 7. Nd4 Nf6 8. Bc4 g6 9. O-O Bg7 10. d3 O-O 11. Re1 b5 12.
Ndxb5 cxb5 13. Nxb5 Na6 14. dxe4 Be6 15. Bg5 Bxc4
16. Qxc4 Qc5 17. Qb3 Qxg5 0-1

[Event "Snabbschacks-KM 2025"]
[Site "Linköping, Sweden"]
[Date "2025.05.20"]
[Round "8.2"]
[White "Rogoz, Vladyslav"]
[Black "Thornqvist, Ofelia"]
[Result "1-0"]
[TimeControl "15 min + 5 sek"]
[WhiteElo "2108"]
[BlackElo "1881"]

1. d4 Nf6 2. c4 g6 3. Nc3 Bg7 4. e4 d6 5. f4 O-O 6. Nf3 c5 7. d5 e6 8. Be2 exd5 9. cxd5 Nfd7 10. O-O Re8 11. Nb5 Qb6 12.
a4 c4+ 13. Kh1 Rxe4 14. Ng5 Re7 15. Bxc4 a6 16. Nc3 Nc5 17. a5 Qc7 18. Re1 Bg4 19. Qd2 h6 20. h3 Bf5 21. Nf3 Ne4 22.
Nxe4 Rxe4 23. Be2 Nd7 24. Rd1 Nc5 25. Ra3 Rae8 26. Bf1 Qe7 27. b4 Nd7 28. Bd3 Re3 29. Bxf5 Re2 30. Qd3 gxf5 31.
Qxf5 Nf6 32. Kh2 Rxg2+ 33. Kh1 Qe2 34. Qd3 Qxd3 35. Raxd3 Ree2 36. Rg1 Rxg1+ 37. Nxg1 Ne4 38. Nxe2 Nf2+ 39. Kg2 Nxd3 40. Bd2 Kf8 41.
Kf3 Nb2 42. Ke4 Ke7 43. Ng3 Bf6 44. Nf5+ Kd7 45. Nxh6 Nc4 46. Be1 Bg7 47. Nf5 Bf6 48. h4 Ke8 49. h5 Kf8 50. Kd3 Nb2+ 51.
Kc2 Nc4 52. Kb3 Nb2 53. Nxd6 Nd3 54. Bd2 Be7 55. Nxb7 Kg7 56. d6 1-0

[Event "Snabbschacks-KM 2025"]
[Site "Linköping, Sweden"]
[Date "2025.05.20"]
[Round "8.3"]
[White "Olsson, Simon"]
[Black "Zoupounidis, Christos"]
[Result "1-0"]
[TimeControl "15 min + 5 sek"]
[WhiteElo "2048"]
[BlackElo "1604"]

1. d4 Nf6 2. c4 e6 3. Nc3 Bb4 4. a3 Bxc3+ 5. bxc3 Ne4 6. Qc2 f5 7. g3 O-O 8. Bg2 d5 9. c5 Nd7 10. Nf3 b6 11. c6 Ndf6 12. Ne5 Ba6 13.
a4 h5 14. f3 Nd6 15. Ba3 Nc4 16. Nxc4 Bxc4 17. Bxf8 Qxf8 18. O-O Qe8 19. Rfb1 Qxc6 20. e3 Rf8 21. a5 Nd7 22. axb6 axb6 23.
Qa4 Qd6 24. Qa3 c5 25. dxc5 bxc5 26. Qa7 d4 27. cxd4 cxd4 28. Qxd4 Qc6 29. Rc1 Rc8 30. Bf1 Qxf3 31. Bxc4 Kh8 32.
Bxe6 Rxc1+ 33. Rxc1 Nf6 34. Qf4 Qe2 35. Rc8+ Kh7 36. Bxf5+ g6 37. Rc7+ Kh8 38. Qh6+ Kg8 39. Qg7# 1-0

[Event "Snabbschacks-KM 2025"]
[Site "Linköping, Sweden"]
[Date "2025.05.20"]
[Round "8.4"]
[White "Varro, Daniel"]
[Black "Gustafsson, Nils"]
[Result "0-1"]
[TimeControl "15 min + 5 sek"]
[WhiteElo "1906"]
[BlackElo "1861"]

1. Nf3 Nf6 2. c4 Nc6 3. d4 e6 4. g3 Bb4+ 5. Bd2 Qe7 6. Bg2 Ne4 7. O-O f5 8. a3 Bxd2 9. Nbxd2 O-O 10.
d5 exd5 11. cxd5 Ne5 12. Nxe5 Qxe5 13. Nc4 Qf6 14. d6 cxd6 15. Bxe4 fxe4 16. Qxd6 Qxd6 17. Nxd6 b6 18. e3 Ba6 19.
Nxe4 Bxf1 20. Kxf1 d5 21. Nc3 Rfd8 22. Rd1 Rac8 23. Nxd5 Kf7 24. e4 Rc4 25. Re1 Rc2 26. Re2 Rxe2 27.
Kxe2 Ke6 28. f4 g6 29. Ke3 Rc8 30. Nc3 a6 31. g4 h6 32. h4 Rc5 33. g5 hxg5 34. hxg5 a5 35. Kd4 Rc8 36.
Ne2 Rc2 37. Ng3 Rxb2 38. f5+ gxf5 39. exf5+ Kf7 40. Ke5 Rb3 41. Nh5 b5 42. g6+ Kg8 43. f6 Re3+ 44. Kf5 Rf3+ 45. Nf4 b4 46. f7+ Kg7 47. Ke4 Rxf4+ 48. Kxf4 bxa3 49. Kf5 a2 50.
Ke6 a1=Q 0-1

[Event "Snabbschacks-KM 2025"]
[Site "Linköping, Sweden"]
[Date "2025.05.20"]
[Round "8.5"]
[White "Larsson, Emma 2008"]
[Black "Qwarfort, Fredrik"]
[Result "0-1"]
[TimeControl "15 min + 5 sek"]
[WhiteElo "1848"]
[BlackElo "1827"]

1. e4 d6 2. d4 Nf6 3. Nc3 g6 4. f4 Bg7 5. Nf3 O-O 6. Bd3 c5 7. h3 cxd4 8. Nxd4 Nc6 9. Nxc6 bxc6 10.
Be3 Qa5 11. O-O Rb8 12. Rb1 Bd7 13. a3 c5 14. Bc4 Rxb2 15. Rxb2 Qxc3 16. Bxf7+ Rxf7 17. Rb3 Qc4 18. e5 Nd5 19.
exd6 Nxe3 20. Qe1 Qxf1+ 21. Qxf1 Nxf1 22. dxe7 Rxf4 23. Rb8+ Kf7 24. Rb7 Bd4+ 25. Kh1 Kxe7 26. Rxa7 h5 27. a4 h4 28. c3 Ng3+ 29.
Kh2 Be3 30. c4 Rf1 31. Rxd7+ Kxd7 32.
a5 Bg1# 0-1

[Event "Snabbschacks-KM 2025"]
[Site "Linköping, Sweden"]
[Date "2025.05.20"]
[Round "8.6"]
[White "Martinelle, Christoffer"]
[Black "Andersson, Fredrik 1969"]
[Result "0-1"]
[TimeControl "15 min + 5 sek"]
[WhiteElo "1806"]
[BlackElo "1754"]

1. c4 e5 2. g3 Nf6 3. Bg2 d5 4. cxd5 Nxd5 5. Nc3 Nb6 6. Nf3 Nc6 7. O-O Be7 8. d3 O-O 9. a3 a5 10.
Be3 Be6 11. Qc2 Nd4 12. Bxd4 exd4 13. Nb5 c5 14. Nd2 Bd5 15. Ne4 Rc8 16. Rfc1 f5 17. Nd2 Bxg2 18. Kxg2 Qd5+ 19. Kg1 f4 20.
Qb3 fxg3 21. hxg3 Kh8 22. Qxd5 Nxd5 23. Ne4 b6 24. Kg2 Nf6 25. Nxf6 Rxf6 26. Rf1 Re6 27. Rfe1 Rf8 28. a4 Bg5 29.
f4 Bd8 30. Rac1 Rg6 31. Rf1 Re8 32. Rce1 Bh4 33. Rf3 Re3 34. Na3 Bxg3 35. Rxe3 Bxe1+ 0-1

[Event "Snabbschacks-KM 2025"]
[Site "Linköping, Sweden"]
[Date "2025.05.20"]
[Round "8.8"]
[White "Stefanovic, Dragan 1958"]
[Black "Jakobsson, Leif"]
[Result "1-0"]
[TimeControl "15 min + 5 sek"]
[WhiteElo "1780"]
[BlackElo "1702"]

1. e4 d5 2. d4 c6 3. e5 Bf5 4. h4 e6 5. g4 Ne7 6. Bg5 Be4 7. f3 Qa5+ 8. Nc3 h6 9. Bxe7 Bxe7 10.
fxe4 dxe4 11. Qe2 Bb4 12. Qd2 Nd7 13. a3 O-O-O 14. O-O-O Nxe5 15. axb4 Qxb4 16. Qf4 Ng6 17. Qxe4 c5 18.
Nf3 Rd6 19. h5 Ne7 20. Bg2 Rb6 21. dxc5 Qxb2+ 22. Kd2 Rd8+ 23. Nd4 Rb4 24. Ke2 Qxc3 25. Rh3 Qc4+ 26. Rhd3 Nd5 27. Kf2 Nc3 28. Rxc3 Qxc3 29. c6 Rdxd4 30. cxb7+ Kb8 31. Qe5+ Qc7 32. Qxd4 Rxd4 33. Rxd4 Qe5 34. Rd8+ Kc7 35. b8=Q# 1-0

[Event "Snabbschacks-KM 2025"]
[Site "Linköping, Sweden"]
[Date "2025.05.20"]
[Round "8.9"]
[White "Enblom, Samuel"]
[Black "Wallenberg, Per"]
[Result "1/2-1/2"]
[TimeControl "15 min + 5 sek"]
[WhiteElo "1696"]
[BlackElo "1604"]

1. d4 d5 2. c4 e6 3. Nf3 Nf6 4. Bg5 Be7 5. cxd5 exd5 6. e3 O-O 7. Bd3 Nbd7 8. O-O Re8 9. Ne5 Nf8 10.
Nd2 Be6 11. Qc2 c6 12. Bxf6 Bxf6 13. f4 Rc8 14. g4 Bxe5 15. fxe5 Bxg4 16. Bf5 Bxf5 17. Rxf5 g6 18. Rf4 Qg5+ 19.
Kh1 Ne6 20. Nf3 Qe7 21. Rf6 c5 22. Qf2 cxd4 23. exd4 Rc6 24. Qh4 Nf8 25. Re1 Rec8 26. Ng5 Rxf6 27. exf6 Qxf6 28. Kg1 1/2-1/2

[Event "Snabbschacks-KM 2025"]
[Site "Linköping, Sweden"]
[Date "2025.05.20"]
[Round "8.10"]
[White "Andersson, Albin"]
[Black "Larsson, Elin"]
[Result "1/2-1/2"]
[TimeControl "15 min + 5 sek"]
[WhiteElo "1728"]
[BlackElo "1783"]

1. e4 c5 2. Nf3 g6 3. g3 Bg7 4. Bg2 Nc6 5. d3 d6 6. c3 Qb6 7. O-O Nf6 8. a3 a5 9. a4 O-O 10.
Na3 Be6 11. Be3 Ng4 12. Nb5 Na7 13. Nxa7 Rxa7 14. Qd2 Rc8 15. Rab1 Bb3 16. Ra1 Qc6 17. e5 d5 18. d4 Nxe3 19.
fxe3 c4 20. e4 e6 21. Ng5 b6 22. Qf2 Rcc7 23. exd5 exd5 24. Nh3 Bxa4 25. Bxd5 Qxd5 26. Rxa4 b5 27. Raa1 Re7 28. Nf4 Qd7 29.
Rfe1 Bh6 30. Rad1 b4 31. d5 Bxf4 32. gxf4 b3 33. e6 Qd6 34. exf7+ Rxf7 35. Re8+ Kg7 36. Qd4+ Qf6 37. Qxc4 Qxf4 38.
Qxf4 Rxf4 39. d6 Rd7 40. Re7+ Rxe7 41. dxe7 Kf7 42. Rd7 Re4 43. Ra7 a4 44. Kf2 Rxe7 45. Rxa4 Rb7 46. Rh4 Kf6 47. Kf3 g5 48. Rh6+ Kf5 49. Rh5 Ra7 50. h4 Rg7 51. hxg5 Kg6 52. Kg4 Ra7 53. Rh6+ Kg7 54.
Rb6 Ra4+ 55. Kg3 Ra5 56. Rxb3 Rxg5+ 57. Kh4 Rg2 58. Rb7+ Kg6 59. Rb8 Kf5 60. Kh3 Rc2 61. Rb7 Ke4 62.
Rc7 Rxb2 63. Rxh7 Rc2 64. Rc7 Kd3 65. c4 Rxc4 66. Rxc4 1/2-1/2